Cogmind - Beta 14 @@@ ROGUE MODE // 2024.09.12 @ 12:11:35 Player: BionicBot Result: Destroyed by S-43 Plague with Heavy Machine Gun Performance ------------- Evolutions (7) 3500 Regions Visited (8) 1600 Robots Destroyed (2) 10 Value Destroyed (12) 12 Prototype IDs (1) 20 Alien Tech Used (0) 0 Bonus (1987) 1987 TOTAL SCORE: 7129 Bonus ------- Pacifist 1987 Cogmind --------- Core Integrity 0/1300 Matter 87/300 Energy 98/100 System Corruption 5% Temperature Cool (0) Movement Core (50) Location -3/Research Parts ------- > --- POWER (1) -------- (None) > --- PROPULSION (3) --- (None) > --- UTILITY (15) ----- (None) > --- WEAPON (2) ------- (None) > --- INVENTORY (5) ---- Improved Sensor Array Hardened Light Armor Plating Peak State ------------ > --- POWER ------------ Light Ion Engine > --- PROPULSION ------- VTOL Module Improved Flight Unit > --- UTILITY ---------- Trap Scanner Improved Sensor Array Improved Terrain Scan Processor Improved Transmission Jammer > --- WEAPON ----------- Blade Saw > --- INVENTORY -------- VTOL Module Nuclear Pulse Thruster Hardened Light Armor Plating Light Assault Rifle Plasma Cutter [Rating: 25] Favorites ----------- Power Light Ion Engine Engine Light Ion Engine Propulsion Improved Flight Unit Flight Unit Improved Flight Unit Utility Trap Scanner Device Trap Scanner Processor Improved Terrain Scan Processor Hackware Hacking Suite Protection Hardened Light Armor Plating Weapon Blade Saw Special Weapon Plasma Cutter Impact Weapon Hammer Slashing Weapon Blade Saw Build | -11 -10 -9 -8 -7 -6 -5 -4 -3 ------- Run | Yrd Mat Mat Mat Fac Fac Fac Fac Res Slots Evolved 14 | . . 2 2 2 2 2 2 2 Power . | . . . . . . . . . Propulsion 1 | . . . . . . 1 . . Utility 13 | . . 2 2 2 2 1 2 2 Weapon . | . . . . . . . . . Parts Attached 20 | 1 2 2 1 4 . 6 4 . Power 3 | 1 . . 1 . . 1 . . Engine 3 | 1 . . 1 . . 1 . . Core . | . . . . . . . . . Reactor . | . . . . . . . . . Propulsion 7 | . 2 1 . 2 . 1 1 . Treads . | . . . . . . . . . Leg . | . . . . . . . . . Wheel . | . . . . . . . . . Hover . | . . . . . . . . . Flight 7 | . 2 1 . 2 . 1 1 . Utility 7 | . . 1 . 2 . 2 2 . Device 3 | . . 1 . 1 . 1 . . Storage . | . . . . . . . . . Processor 2 | . . . . . . 1 1 . Hackware 1 | . . . . . . . 1 . Protection 1 | . . . . 1 . . . . Artifact . | . . . . . . . . . Weapon 3 | . . . . . . 2 1 . Energy Gun . | . . . . . . . . . Energy Cannon . | . . . . . . . . . Ballistic Gun . | . . . . . . . . . Ballistic Cannon . | . . . . . . . . . Launcher . | . . . . . . . . . Special Weapon 1 | . . . . . . . 1 . Impact Weapon 1 | . . . . . . 1 . . Slashing Weapon 1 | . . . . . . 1 . . Piercing Weapon . | . . . . . . . . . Special Melee Weapon . | . . . . . . . . . Unidentified Prototypes 1 | . . 1 . . . . . . Parts Lost 13 | . . 1 1 . . 6 5 . Power 2 | . . 1 . . . 1 . . Propulsion 5 | . . . 1 . . 2 2 . Utility 4 | . . . . . . 2 2 . Weapon 2 | . . . . . . 1 1 . Highest Loss Streak 6 | . . 1 1 . . 6 4 . To Critical Strikes . | . . . . . . . . . Average Slot Usage (%) 28 | . 32 41 25 29 33 37 23 . Engine 1 | . 14 8 . . . 3 . . Flight 11 | . 18 22 16 15 13 10 7 . Device 7 | . . 11 9 7 13 14 2 . Processor 2 | . . . . . . 1 10 . Protection 1 | . . . . 6 6 . . . Peak Build Rating 25 | 1 3 8 9 13 14 25 23 . Average Rating 11 | . 2 6 6 9 13 19 15 . On Entrance 6 | . 1 3 7 6 13 14 13 . Naked Turns 89 | . . . . . . . 4 85 Heaviest Build 9 | 3 3 5 2 8 8 9 1 . Greatest Support 11 | 3 8 9 9 9 9 9 11 3 Greatest Overweight (x) . | . . . . . . . . . Average Overweight (x) . | . . . . . . . . . Largest Inventory Capacity 5 | 5 5 5 5 5 5 5 5 5 Average Capacity 5 | 5 5 5 5 5 5 5 5 5 Most Carried 5 | 1 3 5 5 5 5 5 4 2 Average Carried 3 | . 1 4 5 4 4 4 2 2 Final Capacity 5 | 5 5 5 5 5 5 5 5 5 Final Carried 5 | 1 3 5 5 5 5 5 2 2 Class Distribution -------------------- 100% | Mutant Dominant Class ---------------- Mutant | -10/Materials Mutant | -9/Materials Mutant | -8/Materials Mutant | -7/Factory Mutant | -6/Factory Mutant | -5/Factory Mutant | -4/Factory Mutant | -3/Research Resources | -11 -10 -9 -8 -7 -6 -5 -4 -3 ----------- Run | Yrd Mat Mat Mat Fac Fac Fac Fac Res Matter Collected 52 | . . . . . . 45 . 7 Remotely . | . . . . . . . . . Salvage Created 45 | . . . . . . 45 . . Parts 1 | . . . . . . 1 . . Haulers Intercepted . | . . . . . . . . . Recyclers Shooed . | . . . . . . . . . Parts Field Recycled . | . . . . . . . . . Retrieved Matter . | . . . . . . . . . Parts Self-Destructed . | . . . . . . . . . Prevented . | . . . . . . . . . Kills | -11 -10 -9 -8 -7 -6 -5 -4 -3 ------- Run | Yrd Mat Mat Mat Fac Fac Fac Fac Res Combat Hostiles Destroyed . | . . . . . . . . . Classes Destroyed 2 | . . . . . . 2 . . Builder 1 | . . . . . . 1 . . Tunneler 1 | . . . . . . 1 . . Best Kill Streak 2 | . . . . . . 2 . . Combat Bots Only . | . . . . . . . . . Max Kills in Single Turn 1 | . . . . . . 1 . . Gunslinging . | . . . . . . . . . Exploded . | . . . . . . . . . Melee . | . . . . . . . . . Uniques/NPCs Destroyed . | . . . . . . . . . Combat | -11 -10 -9 -8 -7 -6 -5 -4 -3 -------- Run | Yrd Mat Mat Mat Fac Fac Fac Fac Res Hostile Shots Fired 329 | . . 30 7 9 6 43 141 93 Missed 155 | . . 13 3 6 3 18 76 36 Damage Taken 3258 | . . 164 57 48 32 414 1236 1307 Core 2740 | . . 118 29 17 . 213 1056 1307 Absorbed by Shields . | . . . . . . . . . Core Remaining (%) 80 | 100 100 70 94 97 100 78 8 . Volleys Fired 2 | . . . . . . . 2 . Largest 1 | . . . . . . . 1 . Hottest 20 | . . . . . . . 20 . Shots Fired 2 | . . . . . . . 2 . Gun . | . . . . . . . . . Cannon . | . . . . . . . . . Launcher . | . . . . . . . . . Special 2 | . . . . . . . 2 . Kinetic . | . . . . . . . . . Thermal 2 | . . . . . . . 2 . Explosive . | . . . . . . . . . Electromagnetic . | . . . . . . . . . Robot Hit Streak . | . . . . . . . . . Robot Miss Streak . | . . . . . . . . . Penetration Max . | . . . . . . . . . Secondary Targets . | . . . . . . . . . Shots Hit Robots 6 | . . . . . . 6 . . Core Hits 2 | . . . . . . 2 . . Critical Kills . | . . . . . . . . . Critical Parts Destroyed 1 | . . . . . . 1 . . Critical Strikes 2 | . . . . . . 2 . . Smash 1 | . . . . . . 1 . . Sever 1 | . . . . . . 1 . . Melee Attacks 8 | . . . . . . 8 . . Impact 3 | . . . . . . 3 . . Slashing 5 | . . . . . . 5 . . Piercing . | . . . . . . . . . Sneak Attacks 4 | . . . . . . 4 . . Combat Hostiles . | . . . . . . . . . Follow-up Attacks . | . . . . . . . . . Damage Inflicted 297 | . . . . . . 241 33 23 Guns . | . . . . . . . . . Cannons . | . . . . . . . . . Explosions . | . . . . . . . . . Melee 235 | . . . . . . 235 . . Ramming 62 | . . . . . . 6 33 23 Kinetic . | . . . . . . . . . Thermal . | . . . . . . . . . Explosive . | . . . . . . . . . Electromagnetic . | . . . . . . . . . Impact 144 | . . . . . . 144 . . Slashing 91 | . . . . . . 91 . . Piercing . | . . . . . . . . . Highest Corruption 5 | . . . . . . 1 . 5 Average Corruption 2 | . . . . . . 1 . 5 Corruption Purged . | . . . . . . . . . Corruption Blocked . | . . . . . . . . . Overload Shots . | . . . . . . . . . Overflow Damage 101 | . . . . . . 101 . . Projectiles . | . . . . . . . . . Explosions . | . . . . . . . . . Melee 101 | . . . . . . 101 . . Knockbacks . | . . . . . . . . . Impact . | . . . . . . . . . Kinetic . | . . . . . . . . . Secondary . | . . . . . . . . . Self-Inflicted Damage 28 | . . . . . . 2 15 11 Shots . | . . . . . . . . . Rammed 19 | . . . . . . 2 12 5 Targets Rammed 19 | . . . . . . 2 12 5 Kicked . | . . . . . . . . . Crushed . | . . . . . . . . . Highest Temperature 343 | . . . 2 . . . . 343 Average Temperature 162 | . . . 2 . . . . 182 Received Heat Transfer 680 | . . 42 27 . . 27 132 452 Siege Activations . | . . . . . . . . . Robots Corrupted . | . . . . . . . . . Combat Hostiles . | . . . . . . . . . Parts Fried 5 | . . . . . . 5 . . Impact Corruptions 3 | . . . . . . 3 . . Robots Melted . | . . . . . . . . . Combat Hostiles . | . . . . . . . . . Parts Melted . | . . . . . . . . . Heat Transferred . | . . . . . . . . . Parts Sabotaged . | . . . . . . . . . Parts Stolen . | . . . . . . . . . Parts Stripped . | . . . . . . . . . Power Chain Reactions . | . . . . . . . . . Alert | -11 -10 -9 -8 -7 -6 -5 -4 -3 ------- Run | Yrd Mat Mat Mat Fac Fac Fac Fac Res Peak Influence 406 | . . 125 82 92 143 210 406 363 Initial 213 | . . . 52 32 44 70 98 213 Average 109 | . . 25 55 61 79 120 172 244 Maximum Alert Level 2 | . . . . . . 1 2 1 Low Security (%) 83 | 100 100 100 100 100 100 98 65 . Level 1 15 | . . . . . . 1 28 100 Level 2 1 | . . . . . . . 5 . Level 3 . | . . . . . . . . . Level 4 . | . . . . . . . . . Level 5 . | . . . . . . . . . High Security . | . . . . . . . . . Max Security . | . . . . . . . . . Squads Dispatched 7 | . . . . . . 1 3 3 Investigation 2 | . . . . . . . 1 1 Extermination . | . . . . . . . . . Reinforcement 5 | . . . . . . 1 2 2 Assault . | . . . . . . . . . Garrison . | . . . . . . . . . Intercept . | . . . . . . . . . Searches Triggered . | . . . . . . . . . Construction Impeded . | . . . . . . . . . Haulers Reinforced . | . . . . . . . . . Active Scanning Responses . | . . . . . . . . . Cargo Convoy Interrupts . | . . . . . . . . . Stealth | -11 -10 -9 -8 -7 -6 -5 -4 -3 --------- Run | Yrd Mat Mat Mat Fac Fac Fac Fac Res Distress Signals 5 | . . 3 1 . . . . 1 Communications Jammed . | . . . . . . . . . Distress Signals . | . . . . . . . . . Times Spotted 90 | . . 16 2 5 5 18 24 20 Peak Tracking Total 17 | . . 17 4 3 4 10 15 17 Tactical Retreats 11 | . . 1 . 2 . 3 4 1 Traps | -11 -10 -9 -8 -7 -6 -5 -4 -3 ------- Run | Yrd Mat Mat Mat Fac Fac Fac Fac Res Traps Triggered 2 | . . . . . . . . 2 Indirectly . | . . . . . . . . . Trap Hack Attempts . | . . . . . . . . . Triggered . | . . . . . . . . . Disarmed . | . . . . . . . . . Reprogrammed 6 | . . 6 . . . . . . Reused . | . . . . . . . . . Traps Extracted . | . . . . . . . . . Installed . | . . . . . . . . . Triggered . | . . . . . . . . . Machines | -11 -10 -9 -8 -7 -6 -5 -4 -3 ---------- Run | Yrd Mat Mat Mat Fac Fac Fac Fac Res Machines Disabled . | . . . . . . . . . Max in Single Turn . | . . . . . . . . . Machines Repaired . | . . . . . . . . . Machines Dismantled . | . . . . . . . . . Machines Sabotaged . | . . . . . . . . . Overloaded Fab Kills . | . . . . . . . . . Hacking | -11 -10 -9 -8 -7 -6 -5 -4 -3 --------- Run | Yrd Mat Mat Mat Fac Fac Fac Fac Res Machines Accessed 10 | . 1 3 . 2 1 1 1 1 Terminals 10 | . 1 3 . 2 1 1 1 1 Fabricators . | . . . . . . . . . Repair Stations . | . . . . . . . . . Recycling Units . | . . . . . . . . . Scanalyzers . | . . . . . . . . . Garrison Access . | . . . . . . . . . Total Hacks 18 | . 2 7 . 2 1 2 3 1 Successful 4 | . . 1 . . 1 . 2 . Failed 14 | . 2 6 . 2 . 2 1 1 Catastrophic 5 | . . 3 . 1 . 1 . . Database Lockouts . | . . . . . . . . . Manual 16 | . 1 6 . 2 1 2 3 1 Terminals 18 | . 2 7 . 2 1 2 3 1 Fabricators . | . . . . . . . . . Repair Stations . | . . . . . . . . . Recycling Units . | . . . . . . . . . Scanalyzers . | . . . . . . . . . Garrison Access . | . . . . . . . . . Terminal Hacks 3 | . . 1 . . 1 . 1 . Level Access Points 2 | . . . . . 1 . 1 . Reprogram Traps 1 | . . 1 . . . . . . Fabricator Hacks . | . . . . . . . . . Repair Station Hacks . | . . . . . . . . . Recycling Unit Hacks . | . . . . . . . . . Scanalyzer . | . . . . . . . . . Garrison Access Hacks . | . . . . . . . . . Unauthorized Hacks 1 | . . . . . . . 1 . Terminals 1 | . . . . . . . 1 . Assimilate 1 | . . . . . . . 1 . Fabricators . | . . . . . . . . . Repair Stations . | . . . . . . . . . Recycling Units . | . . . . . . . . . Scanalyzers . | . . . . . . . . . Garrison Access . | . . . . . . . . . Data Cores Recovered . | . . . . . . . . . Used . | . . . . . . . . . Hacking Detections 9 | . 1 3 . 2 . 1 1 1 Full Trace Events 1 | . . . . . . . 1 . Feedback Events . | . . . . . . . . . Feedback Blocked . | . . . . . . . . . Robot Schematics Acquired . | . . . . . . . . . Robots Built . | . . . . . . . . . Authchips . | . . . . . . . . . Time . | . . . . . . . . . Total Robot Build Rating . | . . . . . . . . . Part Schematics Acquired . | . . . . . . . . . Parts Built . | . . . . . . . . . Authchips . | . . . . . . . . . Time . | . . . . . . . . . Total Part Build Rating . | . . . . . . . . . Parts Repaired . | . . . . . . . . . Time . | . . . . . . . . . Parts Recycled . | . . . . . . . . . Recycled Matter . | . . . . . . . . . Retrieved Matter . | . . . . . . . . . Retrieved Components . | . . . . . . . . . Parts Scanalyzed . | . . . . . . . . . Part Schematics Acquired . | . . . . . . . . . Parts Damaged . | . . . . . . . . . Bothacking | -11 -10 -9 -8 -7 -6 -5 -4 -3 ------------ Run | Yrd Mat Mat Mat Fac Fac Fac Fac Res Used RIF Installer . | . . . . . . . . . Robots Hacked . | . . . . . . . . . Non-combat . | . . . . . . . . . Combat . | . . . . . . . . . Robot Hacks Applied . | . . . . . . . . . Relay Couplers Released . | . . . . . . . . . Fabnet Peak Effective % . | . . . . . . . . . Robots Rewired . | . . . . . . . . . Allies Hacked . | . . . . . . . . . Hacks Repelled . | . . . . . . . . . Allies | -11 -10 -9 -8 -7 -6 -5 -4 -3 -------- Run | Yrd Mat Mat Mat Fac Fac Fac Fac Res Total Allies . | . . . . . . . . . Largest Group . | . . . . . . . . . Highest-Rated Group . | . . . . . . . . . Highest-Rated Ally . | . . . . . . . . . Total Orders . | . . . . . . . . . Ally Attacks . | . . . . . . . . . Total Damage . | . . . . . . . . . Kills . | . . . . . . . . . Allies Corrupted . | . . . . . . . . . Allies Melted . | . . . . . . . . . Intel | -11 -10 -9 -8 -7 -6 -5 -4 -3 ------- Run | Yrd Mat Mat Mat Fac Fac Fac Fac Res Robot Analysis Total . | . . . . . . . . . Derelict Logs Recovered . | . . . . . . . . . Drone Launches . | . . . . . . . . . Drone Recoveries . | . . . . . . . . . Exploration | -11 -10 -9 -8 -7 -6 -5 -4 -3 ------------- Run | Yrd Mat Mat Mat Fac Fac Fac Fac Res Turns Passed 861 | 11 32 85 64 119 111 181 173 85 Spaces Moved 2067 | 18 64 217 166 318 321 422 381 160 Core 216 | 18 27 . . . . . 11 160 Treads . | . . . . . . . . . Legs . | . . . . . . . . . Wheels . | . . . . . . . . . Hover . | . . . . . . . . . Flight 1851 | . 37 217 166 318 321 422 370 . Fastest Speed 34 | 50 37 37 37 34 34 34 37 50 Average Speed 37 | 50 42 37 37 34 34 34 38 50 Slowest Speed 50 | 50 50 37 40 37 34 40 50 50 Overloaded Moves . | . . . . . . . . . Propulsion Burnouts . | . . . . . . . . . Robots Hopped 37 | . . 8 2 9 5 6 7 . Cave-ins Triggered . | . . . . . . . . . Exploration Rate (%) 15 | 3 18 31 22 12 14 13 12 12 Regions Visited 8 Branch Regions . Pre-discovered Areas . | . . . . . . . . . Known Exits Taken 2 | . . . . . 1 . 1 . Unknown Exits Taken 6 | 1 1 1 1 1 . 1 . . Scrap Searched . | . . . . . . . . . Spaces Dug . | . . . . . . . . . Terrain Destroyed . | . . . . . . . . . Melee . | . . . . . . . . . Projectile . | . . . . . . . . . AOE . | . . . . . . . . . Terrain Rammed . | . . . . . . . . . Walls Destroyed . | . . . . . . . . . Machines Disabled . | . . . . . . . . . Actions | -11 -10 -9 -8 -7 -6 -5 -4 -3 --------- Run | Yrd Mat Mat Mat Fac Fac Fac Fac Res Total 2090 | 19 67 212 165 316 317 436 393 165 Wait . | . . . . . . . . . Move 1993 | 17 63 203 161 300 311 411 367 160 Hop 30 | . . 5 2 8 4 5 6 . Pick Up 10 | 1 2 1 . 2 1 2 1 . Fast Attach 12 | 1 2 2 1 2 . 4 . . Attach 7 | . . . . 1 . 2 4 . Detach 2 | . . 1 . . . 1 . . Swap 1 | . . . . 1 . . . . Drop 6 | . . . 1 2 1 2 . . Fire 2 | . . . . . . . 2 . Melee 8 | . . . . . . 8 . . Ram 18 | . . . . . . 1 12 5 Kick . | . . . . . . . . . Crush . | . . . . . . . . . Escape Stasis . | . . . . . . . . . Rewire . | . . . . . . . . . Trap . | . . . . . . . . . Miscellaneous 1 | . . . . . . . 1 . Route ------- -11/Scrapyard -10/Materials -9/Materials -8/Materials -7/Factory -6/Factory (discovered 4 exits: *Fac x4) -5/Factory -4/Factory (discovered 5 exits: *Res x4 / [*Upp]) -3/Research History --------- Turn | Location | Event 4 | -11/Scrapyard | Discovered new exit (range 15) 12 | -11/Scrapyard | Entered Materials 42 | -10/Materials | Discovered new exit (range 8) 44 | -10/Materials | Entered another Materials area 44 | -9/Materials | Evolved 2 slots: Utility x2 123 | -9/Materials | Discovered new exit (range 15) 129 | -9/Materials | Entered another Materials area 129 | -8/Materials | Evolved 2 slots: Utility x2 188 | -8/Materials | Discovered new exit (range 13) 193 | -8/Materials | Entered Factory 193 | -7/Factory | Evolved 2 slots: Utility x2 307 | -7/Factory | Build established: Mutant 307 | -7/Factory | Discovered new exit (range 9) 312 | -7/Factory | Entered another Factory area 312 | -6/Factory | Evolved 2 slots: Utility x2 399 | -6/Factory | Identified exit to Factory 423 | -6/Factory | Entered another Factory area 423 | -5/Factory | Evolved 2 slots: Propulsion x1, Utility x1 598 | -5/Factory | Discovered new exit (range 12) 604 | -5/Factory | Entered another Factory area 604 | -4/Factory | Evolved 2 slots: Utility x2 635 | -4/Factory | Lost 6 parts (1p2n2u1w) 682 | -4/Factory | Identified exit to Research 728 | -4/Factory | Discovered new exit (range 7) 748 | -4/Factory | Core integrity fell below 50% 750 | -4/Factory | Lost 4 parts (1n2u1w) 771 | -4/Factory | Core integrity fell below 20% 777 | -4/Factory | Entered Research 777 | -3/Research | Evolved 2 slots: Utility x2 836 | -3/Research | Core integrity fell below 50% 839 | -3/Research | Spotted B-86 Titan 847 | -3/Research | Core integrity fell below 20% 862 | -3/Research | Destroyed by S-43 Plague with Heavy Machine Gun Last Messages --------------- 00834_ K-01 Serf destroyed. 00835_ ALERT: Hostiles spotted, dispatching reinforcements to Terminal R001. 00838_ K-01 Serf cleans the Terminal. 00839_ Slug penetrates Wall. 00840_ K-01 Serf collects debris. 00841_ U-05 Engineer works on Subatomic Condenser. 00842_ Critical hit (Meltdown: +380). 00843_ Acquired 7 matter. 00843_ Penetrated by Slug. 00843_ Slug penetrates Terminal. 00844_ B-86 Titan activates siege mode. 00845_ Triggered EM Surge Trap. 00845_ The floor emits a surge of raw power. 00845_ System corrupted (+5). 00846_ Slug penetrates H-77 Assassin. 00846_ Penetrated by Slug. 00849_ K-01 Serf destroyed. 00850_ Penetrated by Slug. 00851_ K-01 Serf collects debris. Map ----- +----------------------------------------------------+ | ##### """?? ???????????????????????????????? | | ?? ???????????????????????????????? | | "F" ???????????????????????????????? | | ! """ ! ???????????????????????????????? | | ????????????????????????????????? | | ! ????????????????????????????????? | | ?????????????????????????????????? | | #?????????????????????????????????????? | | #?????????????????????????????????????? | | #?????????????????????????????????????? | | #????###??????????????????????????????? | | #???? ?????????????????????????????? | | ####### #???? ???????????????????????????? | | ??????#=% #???? ???????????????????????????? | | ????# #???] ==???????????????????????????? | | " ??# #??? =!???????????????????????????? | | " # # ??" ????????????????#???????????? | | " + # "" ?????????????? ???????????? | | " # # "T """ ??????????? ????????????? | | " ??# # "" """??????????? ?????????????? | | ????# # "" ""???????????u ???????????????? | | ??????# # ?????????? #????????????????? | | ??????# #?? ?????????? #????????????????? | | ??????# #####;########### #????????????????? | | ??????+ sss #????????????????? | | ??????# s sAs @ #????????????????? | | ??????# #????????????????? | | ??????+ k #????????????????? | | ??????##+#####+###### ########????????????????? | | ????????????????????# #???????????????????????? | | ????????????????????# #???????????????????????? | | ????????????????????# #???????????????????????? | | ????????????????????# #???????????????????????? | | ????????????????????# #???????????????????????? | | ????????????????????/k #???????????????????????? | | ????????????????????##+#+#???????????????????????? | | ?????????????????????????????????????????????????? | | ?????????????????????????????????????????????????? | | ?????????????????????????????????????????????????? | | ?????????????????????????????????????????????????? | | ?????????????????????????????????????????????????? | | ?????????????????????????????????????????????????? | | ?????????????????????????????????????????????????? | | ?????????????????????????????????????????????????? | | ?????????????????????????????????????????????????? | | ?????????????????????????????????????????????????? | | ?????????????????????????????????????????????????? | | ?????????????????????????????????????????????????? | | ?????????????????????????????????????????????????? | | ?????????????????????????????????????????????????? | +----------------------------------------------------+ Best States ------------- Heat Dissipation 46 Energy Generation 10 Energy Capacity 125 Matter Stores 90 Matter Capacity 300 Sight Range 16 Terrain Scan Density 110 Armor Coverage 150 Evasion (%) 63 Offensive Hacking 10 Item Schematics ----------------- None Robot Schematics ------------------ None Fabricated ------------ Nothing Alien Tech Used ----------------- None Achievements -------------- None Challenges ------------ None Game ------ Seed TransportDecoderCapacitor Manual? 0 Play Time 00:21:47 Cumulative 114.5 hours Start 2024.09.12 @ 11:48:32 End 2024.09.12 @ 12:11:35 Sessions 1 Manual Loads 0 Difficulty Rogue Special Mode None Game No. 82 Rogue 82 Adventurer 0 Explorer 0 Win Type - Total 3 Types 3/0/0/0/0/0/0/0/0 Lore% 38 Gallery% 50 Achievement% 46 Wizard Run 0 Options --------- Layout 0 ASCII 0 Keyboard 1 Movement Numpad Keybinds 0 Fullscreen 2 Font 18/SmallcapsGlow Map View 76x50 Zoom Use 0% Tactical HUD 1 Map Filters NONE Filters NONE Steam 1 RUN: d447d65b-ea5c-4165-8dee-214ab6fc71e1